 Dungeon Crawl Stone Soup version 0.30-a0-3-gc9032a9cac (webtiles) character file.

Game seed: 5350278098715455325

1001 Jardren the Jinx (level 8, -1/36 HPs)
             Began as a Spriggan Enchanter on Aug 20, 2022.
             Slain by an orc
             ... wielding a +0 flail
              (8 damage)
             ... on level 5 of the Dungeon.
             The game lasted 00:10:45 (6342 turns).

Jardren the Jinx (Spriggan Enchanter)               Turns: 6342, Time: 00:10:46

Health: -1/36      AC:  5    Str:  9    XL:     8   Next: 0%
Magic:  20/20      EV: 17    Int: 15    God:
Gold:   234        SH:  0    Dex: 18    Spells: 10/22 levels left

rFire   . . .      SeeInvis +    f - +7 Throatcutter {drain, coup de grace}
rCold   . . .      Faith    .    (no shield)
rNeg    . . .      Spirit   .    b - +1 robe
rPois   .          Reflect  .    (helmet restricted)
rElec   .          Harm     .    o - +1 cloak
rCorr   +          Rampage  .    (gloves unavailable)
Will    +....                    (boots unavailable)
Stlth   ++++......               (no amulet)
HPRegen 0.12/turn                d - ring of resist corrosion
MPRegen 0.17/turn                (no ring)

@: very quick
A: very small, no large weapons, unfitting armour, see invisible, speed 3, horns
1, agile 1, strong 1, MP-powered wands
a: no special abilities


You were on level 5 of the Dungeon.
You visited 1 branch of the dungeon, and saw 5 of its levels.
You also visited: Sewer.

You collected 234 gold pieces.

Inventory:

Hand Weapons
 a - a +1 vampiric dagger
 f - the +7 Throatcutter (weapon) {drain, coup de grace}
   (You found it on level 2 of the Dungeon)

   A truly terrible weapon, it drains the life of any living foe it strikes.
   It may instantly kill foes which have little health.
Missiles
 s - a curare-tipped dart (quivered)
Armour
 b - a +1 robe (worn)
 o - a +1 cloak (worn)
Jewellery
 d - a ring of resist corrosion (left hand)
Scrolls
 g - 2 scrolls of blinking
 k - 3 scrolls of fog
 q - a scroll of poison
 r - 4 scrolls of teleportation
Potions
 c - a potion of attraction {unknown}
 e - a potion of magic
 h - 4 potions of brilliance
 i - a potion of flight {unknown}
 j - 2 potions of curing {unknown}
 l - 3 potions of mutation
 m - 3 potions of haste {unknown}
 n - a potion of heal wounds
 p - a potion of might {unknown}


   Skills:
 - Level 1.1 Short Blades
 - Level 2.6 Dodging
 * Level 6.7 Stealth
 + Level 7.8 Spellcasting
 + Level 8.2 Hexes


You had 10 spell levels left.
You knew the following spells:

 Your Spells              Type           Power      Damage    Failure   Level
a - Ensorcelled Hibernat  Hex/Ice        36%        N/A       3%          2
b - Tukima's Dance        Hex            30%        N/A       1%          3
c - Dazzling Flash        Conj/Hex       36%        N/A       7%          3
d - Confusing Touch       Hex            30%        N/A       1%          3
e - Apportation           Tloc           10%        N/A       12%         1

Your spell library contained the following spells:

 Spells                   Type           Power      Damage    Failure   Level
 Portal Projectile        Hex/Tloc       36%        N/A       7%          3
 Magic Dart               Conj           20%        1d4       12%         1
 Shock                    Conj/Air       20%        1d4       12%         1
 Searing Ray              Conj           10%        2d4       19%         2
 Fulminant Prism          Conj/Hex       9%         3d7       22%         4
 Leda's Liquefaction      Hex/Erth       9%         N/A       22%         4
 Call Canine Familiar     Summ           5%         N/A       36%         3
 Swiftness                Air            5%         N/A       36%         3
 Yara's Violent Unravell  Hex/Tmut       9%         3d6       54%         5
 Airstrike                Air            2%         2d(1-17)  77%         4
 Alistair's Intoxication  Tmut/Pois      3%         N/A       98%         5
 Enfeeble                 Hex            15%        N/A       98%         7


Dungeon Overview and Level Annotations

Branches:
Dungeon (5/15)              Sewer (visited)
 Temple: D:4-7

Altars:
Ashenzari

Annotations:
D:4 2 transporters, RichitheSlayer's ghost, amateur MiFi


Innate Abilities, Weirdness & Mutations

You are very small and have problems with some larger weapons.
You are too small for most types of armour.
You have supernaturally acute eyesight. (SInv)
You cover ground extremely quickly. (Speed+++)
You have a pair of small horns on your head.
You are agile. (Dex +4, Str/Int -1)
Your muscles are strong. (Str +4, Int/Dex -1)
You expend magic power (3 MP) to strengthen your wands.


Message History

You barely miss the orc. You headbutt the orc.
The orc is moderately wounded.
The orc barely misses you.
You slash the orc wizard! You headbutt the orc wizard.
The orc wizard is almost dead.
The orc closely misses you. x2
The orc wizard gestures at you while chanting.
The magic dart hits you. The orc barely misses you.
Unknown command.
You barely miss the orc wizard.
The orc wizard is almost dead.
The orc hits you with a +0 flail. The orc wizard misses you.
The orc hits you with a +0 dagger.
You are too injured to fight recklessly!
Unknown command.
Unknown command.
You are too injured to fight recklessly!
Unknown command.
You are too injured to fight recklessly!
Unknown command.
You are too injured to fight recklessly!
Unknown command.
You are too injured to fight recklessly!
Unknown command.
You are too injured to fight recklessly!
Unknown command.
You are too injured to fight recklessly!
You hit the orc wizard.
You kill the orc wizard!
The orc hits you with a +0 flail. The orc barely misses you.
You have reached level 8!
You slash the orc!
You kill the orc!
The orc hits you with a +0 flail.
* * * LOW HITPOINT WARNING * * *
An iguana comes into view.
The orc hits you with a +0 dagger.
* * * LOW HITPOINT WARNING * * *
The orc hits you with a +0 flail!
You die...

#..... ####...####
##.........#
#..........#
#+###.†"†......##
#.....l........:.
##.##.##....##....
.. ##.o).##....
... #...@o......
... #..#####....
## #... ... ....#
. ###.## #. #. #.


You could see an iguana and 2 orcs.

Vanquished Creatures
  An ogre (D:4)
  A black bear (D:4)
  A kobold brigand (D:4)
  2 bullfrogs (Sewer)
  3 hounds
  A jelly (D:4)
  2 iguanas
  2 orc wizards
  13 adders
  5 river rats
  3 worms
  3 dart slugs
  19 orcs
  13 ball pythons
  8 bats
  8 endoplasms
  5 giant cockroaches
  5 goblins
  9 hobgoblins
  6 jackals
  3 quokkas
  10 frilled lizards
  22 kobolds
  38 rats
  A spectral hobgoblin (D:2)
184 creatures vanquished.

Vanquished Creatures (collateral kills)
  Crazy Yiuf (D:3)
  Terence (D:2)
  A ball python (D:2)
3 creatures vanquished.

Vanquished Creatures (others)
  36 plants (D:4)
36 creatures vanquished.

Grand Total: 223 creatures vanquished

Notes
Turn   | Place    | Note
-------+----------+-------------------------------------------
     0 | D:1      | Jardren the Spriggan Enchanter began the quest for the Orb.
     0 | D:1      | Reached XP level 1. HP: 9/9 MP: 5/5
   357 | D:1      | Reached skill level 4 in Hexes
   360 | D:1      | Reached XP level 2. HP: 13/13 MP: 7/7
   363 | D:1      | Learned a level 2 spell: Ensorcelled Hibernation
   995 | D:1      | Reached XP level 3. HP: 16/16 MP: 9/9
  1005 | D:1      | Learned a level 3 spell: Tukima's Dance
  1009 | D:1      | Learned a level 3 spell: Confusing Touch
  1089 | D:2      | Found a faded altar of an unknown god.
  1454 | D:2      | Noticed Terence
  1467 | D:2      | Killed Terence
  1468 | D:2      | Reached XP level 4. HP: 15/21 MP: 1/11
  1573 | D:2      | Reached skill level 5 in Hexes
  2491 | D:3      | Found a glowing drain.
  2518 | Sewer    | Entered a sewer
  2546 | Sewer    | Reached XP level 5. HP: 20/24 MP: 13/13
  2547 | Sewer    | Reached skill level 5 in Spellcasting
  2813 | Sewer    | Gained mutation: Your spells are a little easier to cast,
                  | but a little less powerful. [potion of mutation]
  2813 | Sewer    | Gained mutation: You have a beak for a mouth. [potion of
                  | mutation]
  3172 | Sewer    | Reached skill level 6 in Hexes
  3300 | Sewer    | Lost mutation: Your spells are a little easier to cast, but
                  | a little less powerful. [potion of mutation]
  3300 | Sewer    | Lost mutation: You have a beak for a mouth. [potion of
                  | mutation]
  3300 | Sewer    | Gained mutation: You are agile. (Dex +4, Str/Int -1)
                  | [potion of mutation]
  3300 | Sewer    | Gained mutation: You expend magic power (3 MP) to
                  | strengthen your wands. [potion of mutation]
  3300 | Sewer    | Gained mutation: You have a pair of small horns on your
                  | head. [potion of mutation]
  3300 | Sewer    | Gained mutation: Your muscles are strong. (Str +4, Int/Dex
                  | -1) [potion of mutation]
  3332 | Sewer    | Reached XP level 6. HP: 26/28 MP: 15/15
  4055 | D:3      | Reached skill level 7 in Hexes
  4277 | D:3      | Found a runed translucent door.
  4278 | D:3      | Noticed Crazy Yiuf
  4284 | D:3      | Killed Crazy Yiuf
  4678 | D:3      | Reached XP level 7. HP: 32/32 MP: 18/18
  4802 | D:4      | Found a broken altar of Ashenzari.
  5147 | D:4      | Reached skill level 5 in Stealth
  5202 | D:4      | Reached skill level 8 in Hexes
  5288 | D:4      | Noticed a wyvern
  5320 | D:4      | Found a transporter.
  5324 | D:4      | Found a transporter.
  5334 | D:4      | Noticed RichitheSlayer's ghost (amateur MiFi)
  5794 | D:4      | Learned a level 3 spell: Dazzling Flash
  5796 | D:4      | Learned a level 1 spell: Apportation
  6160 | D:5      | Entered Level 5 of the Dungeon
  6342 | D:5      | Reached XP level 8. HP: 14/36 MP: 20/20
  6342 | D:5      | Slain by an orc

Illustrated notes

Levels and vault maps discovered:
D:1:      elethiomel_arrival_maze, layout_basic, minivault_19, minmay_tripent
D:2:      layout_rooms, dreamdust_ecumenical_altar_drowned_temple,
          minmay_tiny_reverse_x, uniq_terence
D:3:      layout_loops_corners, portal_sewer_entry_b, glass_columns_a,
          uniq_crazy_yiuf_cottage
D:4:      kennysheep_kobold_camp, layout_cave_pools, evilmike_ruin_ashenzari,
          gammafunk_ghost_arena
D:5:      layout_loops_cross, minmay_temple_entry_enclosed_plants,
          grunt_decor_clamped, supply_closet_lemuel

Skill      XL: |  1  2  3  4  5  6  7 |
---------------+----------------------+-----
Spellcasting   | 3 4 5 6 7 |  7.8
Hexes          | 4 5 6 7 8 |  8.2
Stealth        | 6 |  6.7
Short Blades   | |  1.1
Dodging        | |  2.6

Action                   |  1- 3 |  4- 6 |  7- 9 || total
-------------------------+-------+-------+-------++-------
Melee: Dagger            |    81 |    19 |       ||   100
       Long sword        |       |   178 |   161 ||   339
       Headbutt          |       |     2 |    39 ||    41
       Punch             |       |       |     2 ||     2
 Cast: Ensorcelled Hiber |     7 |     9 |       ||    16
       Tukima's Dance    |     2 |     1 |     1 ||     4
       Confusing Touch   |     1 |       |       ||     1
  Use: Scroll            |     3 |     5 |     4 ||    12
       Potion            |     2 |     5 |     1 ||     8
 Stab: Sleeping          |     9 |    17 |     6 ||    32
       Invisible         |     3 |     2 |       ||     5
       Distracted        |     2 |       |       ||     2
       Confused          |     1 |       |       ||     1
Armor: Robe              |     5 |    49 |    24 ||    78
Dodge: Dodged            |    58 |   299 |   116 ||   473

Table legend: (Time is in decaauts)
 A = Elapsed time spent in this place.
 B = Non-inter-level travel time spent in this place.
 C = Inter-level travel time spent in this place.
 D = Time resting spent in this place.
 E = Time spent auto-exploring this place.
 F = Levels seen in this place.
 G = Mean time per level.
                   A        B        C        D        E       F      G
               +--------+--------+--------+--------+--------+-----+--------+
         Total |   5321 |   5227 |     94 |    543 |   3535 |   6 |  886.8 |
       Dungeon |   4253 |   4159 |     94 |    543 |   2753 |   5 |  850.6 |
         Sewer |   1067 |   1067 |      0 |      0 |    782 |   1 | 1067.0 |
               +--------+--------+--------+--------+--------+-----+--------+

Top non-repeatable levels by time:
     D:4: 1307 daAuts
     D:1: 1115 daAuts
   Sewer: 1067 daAuts
     D:3: 937 daAuts
     D:2: 871 daAuts
     D:5: 22 daAuts
